 Dungeon Crawl Stone Soup version 0.29.1-12-g30fa7ad0bf (webtiles) character file.

Game seed: 5070316683619748876

273 cheesebisquit the Chopper (level 6, 0/52 HPs)
             Began as a Minotaur Berserker on Jan 1, 2023.
             Was a Believer of Trog.
             Slain by Menkaure (14 damage)
             ... on level 4 of the Dungeon.
             The game lasted 00:14:09 (3624 turns).

cheesebisquit the Chopper (Minotaur Berserker)      Turns: 3624, Time: 00:14:09

Health: 0/52       AC:  5    Str: 30    XL:     6   Next: 3%
Magic:  5/5        EV: 11    Int:  4    God:    Trog [**....]
Gold:   167        SH:  0    Dex:  9    Spells: 5/5 levels left

rFire   + . .      SeeInvis .   a - +0 hand axe
rCold   + . .      Faith    .   (no shield)
rNeg    . . .      Spirit   .   k - +0 ring mail
rPois   +          Reflect  .   (helmet restricted)
rElec   +          Harm     .   (no cloak)
rCorr   +          Rampage  .   (no gloves)
Will    ++...                   (no boots)
Stlth   ..........              (no amulet)
HPRegen 1.17/turn               s - +6 ring of strength
MPRegen 0.09/turn               (no ring)

@: resistant, strong-willed, regenerating
A: horns 2, retaliatory headbutt
a: Renounce Religion, Berserk, Trog's Hand


You were on level 4 of the Dungeon.
You worshipped Trog.
Trog was pleased with you.
You visited 1 branch of the dungeon, and saw 4 of its levels.

You collected 167 gold pieces.

Inventory:

Hand Weapons
 a - a +0 hand axe (weapon)
Missiles
 m - 5 poisoned darts (quivered)
Armour
 b - a +0 animal skin
 k - a +0 ring mail (worn)
Jewellery
 s - a +6 ring of strength (left hand)
Scrolls
 d - a scroll of noise {unknown}
 e - a scroll of blinking {unknown}
 f - a scroll of butterflies {unknown}
 g - a scroll of torment {unknown}
 j - 2 scrolls of teleportation
 l - a scroll of vulnerability
 p - a scroll of fear {unknown}
 q - a scroll of brand weapon {unknown}
Potions
 c - 2 potions of lignification {unknown}
 h - a potion of cancellation {unknown}
 i - 6 potions of curing
 n - a potion of haste {unknown}
 o - 2 potions of resistance
 r - a potion of flight {unknown}


   Skills:
 - Level 3.8 Fighting
 + Level 7.9 Axes
 - Level 2.7 Armour
 - Level 2.4 Dodging


You had 5 spell levels left.
You didn't know any spells.
Your spell library was empty.

Dungeon Overview and Level Annotations

Branches:
Dungeon (4/15)
 Temple: D:4-7

Altars:
Cheibriados
Wu Jian

Annotations:
D:4 Dowan, Duvessa, Menkaure


Innate Abilities, Weirdness & Mutations

You have a pair of horns on your head.
You reflexively headbutt those who attack you in melee.


Message History

You kill the goblin!
Trog accepts your kill.
A giant cockroach comes into view.
You barely miss the giant cockroach. The giant cockroach closely misses you.
You slash the giant cockroach!
You kill the giant cockroach!
Trog accepts your kill.
You see here a giant cockroach corpse.
Duvessa, Sister of Dowan comes into view.
She is wielding a +0 short sword.
Duvessa shouts!
Dowan, Brother of Duvessa comes into view.
He is wielding a +0 dagger and wearing a +2 robe of willpower.
Menkaure, Prince of Dust comes into view.
Duvessa moves out of view.
Menkaure shouts!
You open the door.
Menkaure mumbles some strange words.
Menkaure seems to speed up.
Found a stone staircase leading down.
Found 13 gold pieces.
There is an open door here.
Dowan casts a spell.
Dowan blinks!
Your skin crawls.
You feel strong-willed. Menkaure hits you. x2
You hit Menkaure. You headbutt Menkaure.
Menkaure is moderately damaged.
Dowan mumbles some strange words.
Dowan blinks!
Menkaure calls on the powers of darkness!
Duvessa convulses!
Your body is wracked with pain!
You slash Menkaure! Your headbutt misses Menkaure.
Menkaure is almost destroyed.
Menkaure hits you.
You feel protected.
Duvessa says, "My weaknesses are his strengths!"
Duvessa hits you with a +0 short sword!
* * * LOW HITPOINT WARNING * * *
Menkaure hits you!
You die...

#.....##.....#...
#.....######.###.
#................
#.....##.........
########.....##.........
#......#.....##...##..##
#.......################
#.......## #_## #.#
#.....e@'# ...8##.#
#...ยง.M####...$.....##.#
#.....e #>..... ..8#.+
#...... ##..... ##.#
#...... ##8...8 #.#
#...... ##8## #.. #......
#########.. #......
.......'.. ########..


You could see Duvessa, Menkaure (fast) and Dowan.

Vanquished Creatures
  A scorpion (D:4)
  An orc priest (D:2)
  2 iguanas
  An orc wizard (D:3)
  2 adders
  2 worms
  2 dart slugs (D:2)
  12 orcs
  A bat (D:1)
  4 endoplasms
  3 giant cockroaches
  9 goblins
  4 hobgoblins
  2 jackals (D:1)
  3 kobolds
  2 quokkas
  12 ball pythons
  4 frilled lizards
  5 rats
72 creatures vanquished.

Notes
Turn   | Place    | Note
-------+----------+-------------------------------------------
     0 | D:1      | cheesebisquit the Minotaur Berserker began the quest for
                  | the Orb.
     0 | D:1      | Reached XP level 1. HP: 19/19 MP: 0/0
   331 | D:1      | Reached XP level 2. HP: 27/27 MP: 1/1
   509 | D:1      | Reached skill level 4 in Axes
   824 | D:2      | Reached XP level 3. HP: 19/33 MP: 2/2
   833 | D:2      | Reached ** piety under Trog
  1111 | D:2      | Reached skill level 5 in Axes
  1115 | D:2      | Reached XP level 4. HP: 40/40 MP: 3/3
  1598 | D:2      | Found a faded altar of an unknown god.
  1885 | D:3      | Reached skill level 6 in Axes
  2396 | D:3      | Reached XP level 5. HP: 29/46 MP: 4/4
  3198 | D:4      | Reached skill level 7 in Axes
  3238 | D:4      | Found a snail-covered altar of Cheibriados.
  3291 | D:4      | Found an ornate altar of the Wu Jian Council.
  3408 | D:4      | Reached XP level 6. HP: 47/52 MP: 5/5
  3615 | D:4      | Noticed Duvessa
  3615 | D:4      | Noticed Dowan
  3615 | D:4      | Noticed Menkaure
  3624 | D:4      | Slain by Menkaure

Illustrated notes

Levels and vault maps discovered:
D:1:      ebering_hopf_link, layout_loops_ring
D:2:      cheibrodos_pilgrimage, layout_basic, ebering_ecumenical_altar_mist
D:3:      layout_basic, minivault_14, hangedman_decor_growths, dk_vineyard_2
D:4:      layout_gridville, nzn_wu_jian_council_hall,
          nicolae_overflow_hidden_temple, st_stairs_3,
          kennysheep_generic_room_14, uniq_duvessa, uniq_menkaure

Skill      XL: |  1  2  3  4  5 |
---------------+----------------+-----
Axes           | 4 5 6 7 |  7.9
Fighting       | |  3.8
Armour         | |  2.7
Dodging        | |  2.4

Action                   |  1- 3 |  4- 6 || total
-------------------------+-------+-------++-------
Melee: Hand axe          |    63 |    93 ||   156
       Headbutt          |    13 |    10 ||    23
       Punch             |       |     1 ||     1
Invok: Trog's Hand       |     1 |     2 ||     3
       Berserk           |     1 |     1 ||     2
  Use: Scroll            |       |     4 ||     4
       Potion            |       |     1 ||     1
 Stab: Sleeping          |     1 |       ||     1
Armor: Animal skin       |    12 |     1 ||    13
       Ring mail         |       |    34 ||    34
Dodge: Dodged            |    37 |    45 ||    82
